 Dungeon Crawl Stone Soup version 0.32-a0-12-g7fc57aa741 (console) character file.

Game seed: 1040540888615789644

5 petzl the Sneak (level 1, 0/17 (18) HPs)
             Began as a Formicid Delver on Jan 14, 2024.
             Was an Initiate of Vehumet.
             Succumbed to an adder's poison
             ... on level 6 of the Dungeon.
             The game lasted 00:02:57 (364 turns).

petzl the Sneak (Formicid Delver)                    Turns: 364, Time: 00:02:58

HP:   0/17 (18)     AC:  3    Str: 16    XL:     1   Next: 88%
MP:   1/1           EV: 12    Int:  9    God:    Vehumet [......]
Gold: 0             SH:  0    Dex: 15    Spells: 0/0 levels left

rFire   . . .        a - +0 mace
rCold   . . .        (no shield)
rNeg    . . .        b - +0 leather armour
rPois   .            (helmet unavailable)
rElec   .            (no cloak)
rCorr   .            (no gloves)
SInv    +            (no boots)
Will    .....        (no amulet)
Stlth   +++          (no ring)
HPRegen 0.22/turn    (no ring)
MPRegen 0.07/turn

%: no passive effects
@: lethally poisoned (0 -> -1), drained
A: permanent stasis, dig shafts and tunnels, antennae 3, four strong arms
a: Dig, Shaft Self, Renounce Religion


You were on level 6 of the Dungeon.
You worshipped Vehumet.
Vehumet was noncommittal.
You visited 1 branch of the dungeon, and saw 4 of its levels.

Inventory:

Hand Weapons
 a - a +0 mace (weapon)
Armour
 b - a +0 leather armour (worn)
Wands
 f - a wand of digging (3)
Scrolls
 c - a scroll of fog
 d - a scroll of revelation
 e - a scroll of fear


   Skills:
 + Level 3.4 Fighting
 + Level 2.0 Maces & Flails
 + Level 1.7 Dodging
 + Level 6.2 Stealth


You couldn't memorise any spells.
You didn't know any spells.
Your spell library contained the following spells:

 Spells                   Type           Power      Damage    Failure   Level
 Magic Dart               Conj           0%         1d3       45%         1
 Call Imp                 Summ           0%         N/A       58%         2
 Blink                    Tloc           Unusable   N/A       N/A         2

Dungeon Overview and Level Annotations

Branches:
Dungeon (8/15)
 Temple: D:4-7         Lair: D:8-11

Altars:
Kikubaaqudgha
Vehumet
Wu Jian
Xom
Yredelemnul

Annotations:
D:7 exclusions: downstairs and hound
D:8 1 runed translucent door, exclusions: sensed monster (detected) and two-headed ogre, Erica


Innate Abilities, Weirdness & Mutations

You cannot be hasted, slowed, berserked, paralysed or teleported.
You can dig through walls and to a lower floor.
You have a pair of large antennae on your head. (SInv)
Your four strong arms can wield two-handed weapons with a shield.


Message History

You feel sick. The adder closely misses you. x2
You closely miss the adder.
The adder is heavily wounded.
You feel sick.
You are no longer poisoned.
The adder bites you but does no damage. x2
You hit the adder.
The adder is severely wounded.
The adder completely misses you.
You miss the adder.
The adder is severely wounded.
The adder closely misses you. The adder bites you but does no damage.
You hit the adder but do no damage.
The adder is severely wounded.
The adder bites you.
You are poisoned.
The adder poisons you! The adder bites you.
* * * LOW HITPOINT WARNING * * *
Unknown command.
Unknown command.
You aren't carrying any potions.
Unknown command.
Unknown command.
You aren't carrying any potions.
Unknown command.
Unknown command.
You aren't carrying any potions.
Unknown command.
Unknown command.
As you read the scroll labelled LYCKEK ZUNTETSO, it crumbles to dust.
You feel a strange sense of stasis.
It was a scroll of teleportation.
* * * LOW HITPOINT WARNING * * *
You feel sick. The adder barely misses you.
Okay, then.
Unknown command.
Unknown command.
Unknown command.
* * * LOW HITPOINT WARNING * * *
You feel sick. The adder bites you but does no damage.
You die...

#...# ...!...
#...# # .......
#...##. ##..../
#..... .......
#...# .......
#...# ##......
#...# ....##..
##..# #.5..#
##.# #!... #.#
## .......# #>#
#.. ####... #.##
##.. #...# .
#..##... .S.#..
.. ##.#..#
#..##.. ...
##.#.##.# #...
..#
#..###?......#
... ###
#.......###... #
#.............
#....@....#.##
#....S..(.....
#...........#.
.............?..
......?.........
................
................
......##......#


You could see an adder.

Vanquished Creatures
  6 bats (D:8)
6 creatures vanquished.

Notes
Turn   | Place    | Note
-------+----------+-------------------------------------------
     0 | D:5      | petzl the Formicid Delver began the quest for the Orb.
     0 | D:5      | Reached XP level 1. HP: 18/18 MP: 1/1
     3 | D:6      | Noticed a sleepcap
     3 | D:6      | Noticed a sleepcap
    13 | D:6      | You fall into a shaft and drop 2 floors!
    13 | D:8      | Found a runed translucent door.
    78 | D:8      | Found an ancient bone altar of Kikubaaqudgha.
   110 | D:8      | Found a basalt altar of Yredelemnul.
   134 | D:8      | Noticed a flayed ghost
   139 | D:8      | Found a shimmering altar of Xom.
   153 | D:8      | Found a radiant altar of Vehumet.
   168 | D:8      | Became a worshipper of Vehumet
   238 | D:8      | Noticed a wraith
   243 | D:8      | Found an ornate altar of the Wu Jian Council.
   255 | D:8      | Noticed a wraith
   277 | D:8      | Noticed a two-headed ogre
   286 | D:8      | Noticed Erica
   294 | D:7      | Noticed a gnoll bouda
   315 | D:7      | Noticed a hound
   364 | D:6      | Succumbed to an adder's poison

Illustrated notes

Levels and vault maps discovered:
D:5:      layout_loops_cross, lemuel_coloured_pillars_altar,
          jmf_multi_god_temple, minmay_temple_entry_fiery,
          minmay_misc_feat_pillars, abandoned_shop, minivault_14
D:6:      layout_rooms, lemuel_doored_altar, tso_metal_star
D:7:      layout_basic, serial_bayou_pond_a, nicolae_shop_i_like_big_books,
          chequers_jeans, lightli_corner_chamber
D:8:      due_megacathedral, layout_gridville, grunt_gozag_breadcrumbs,
          mainiacjoe_overflow_six_doors_small, uniq_erica

Action                     || total
---------------------------++-------
  Melee: Mace              ||    26
         Punch             ||     1
Ability: Dig               ||     1
         Shaft Self        ||     1
    Use: Scroll            ||     1
   Stab: Sleeping          ||     1
 Armour: Leather armour    ||    29
  Dodge: Dodged            ||    27

Table legend: (Time is in decaauts)
 A = Elapsed time spent in this place.
 B = Non-inter-level travel time spent in this place.
 C = Inter-level travel time spent in this place.
 D = Time resting spent in this place.
 E = Time spent auto-exploring this place.
 F = Levels seen in this place.
 G = Mean time per level.
                   A        B        C        D        E       F      G
               +--------+--------+--------+--------+--------+-----+--------+
         Total |    371 |    371 |      0 |    121 |      0 |   4 |   92.8 |
       Dungeon |    371 |    371 |      0 |    121 |      0 |   4 |   92.8 |
               +--------+--------+--------+--------+--------+-----+--------+

Top non-repeatable levels by time:
     D:8: 296 daAuts
     D:6: 40 daAuts
     D:7: 32 daAuts
     D:5: 1 daAuts
